Selects Panzerjäger Kommand Battlegroup
Construct Light Support Kompanie
Selects GrB 39 Grenade Launcher Requisition
le.IG 18 Mechanized Group
Construct Mechanized Kompanie
Marder III Tank Destroyer
Marder III Tank Destroyer
Selects Butterfly Bomb Drop
18-tonne Recovery Half-track
Marder III Tank Destroyer
Selects Crew Shock Tactics
Construct Panzerarmee Kommand
Walking Stuka Rocket Launcher
Walking Stuka Rocket Launcher
Selects Elefant Tank Destroyer
Marder III Tank Destroyer